 Dungeon Crawl Stone Soup version 0.27.1-33-g824d729ab1 (webtiles) character file.

Game seed: 12669856725740510860

75 tkbsonic5 the Skirmisher (level 4, -3/37 HPs)
             Began as a Human Abyssal Knight on Nov 28, 2021.
             Was a Believer of Lugonu.
             Slain by a goblin (5 damage)
             ... led by Robin
             ... on level 2 of the Dungeon.
             The game lasted 00:04:55 (1799 turns).

tkbsonic5 the Skirmisher (Human Abyssal Knight)     Turns: 1799, Time: 00:04:55

Health: -3/37      AC:  6    Str: 13    XL:     4   Next: 55%
Magic:  6/6        EV:  9    Int: 13    God:    Lugonu [**....]
Gold:   61         SH:  0    Dex: 12    Spells: 3/3 levels left

rFire    . . .     SeeInvis .   e - +0 war axe
rCold    . . .     Faith    .   (no shield)
rNeg     . . .     Spirit   .   c - +0 scale mail
rPois    .         Reflect  .   (no helmet)
rElec    .         Harm     .   (no cloak)
rCorr    .         Rampage  .   (no gloves)
Will     .....                  (no boots)
Stlth    ..........             (no amulet)
HPRegen  0.12/turn              (no ring)
MPRegen  0.10/turn              (no ring)

@: no status effects
A: no striking features
a: Renounce Religion, Depart the Abyss, Bend Space


You were on level 2 of the Dungeon.
You worshipped Lugonu.
Lugonu was pleased with you.
You visited 1 branch of the dungeon, and saw 2 of its levels.
You visited the Abyss 1 time.

You collected 61 gold pieces.

Inventory:

Hand Weapons
 a - a +1 mace
 e - a +0 war axe (weapon)
Missiles
 d - 32 stones (quivered)
 g - 20 bolts
Armour
 b - a +0 leather armour
 c - a +0 scale mail (worn)
 h - a +0 chain mail


   Skills:
 * Level 3.7 Fighting
 * Level 1.1(1.8) Axes
 - Level 2.1(2.3) Maces & Flails
 + Level 2.3 Armour
 + Level 1.7 Dodging
 * Level 2.9 Invocations


You had 3 spell levels left.
You didn't know any spells.
Your spell library was empty.

Dungeon Overview and Level Annotations

Branches:
Dungeon (2/15)

Altars:

Annotations:
D:2 Robin


Message History

The goblin closely misses you. The goblin hits you with a +0 dagger.
Robin hits you with a +0 mace.
You hit the goblin.
The goblin is heavily wounded.
You hit Robin. You closely miss the goblin. The goblin closely misses you.
The goblin hits you with a +0 dagger.
* * * LOW HITPOINT WARNING * * *
Robin roars a battlecry!
The goblin goes into a battle-frenzy!
The goblin hits you but does no damage.
You hear a shout!
Robin says, "My army is invincible!"
Robin hits you with a +0 mace.
* * * LOW HITPOINT WARNING * * *
You aren't carrying any potions.
A goblin comes into view. It is wielding a +0 dagger.
You closely miss the goblin.
The goblin is heavily wounded.
The goblin hits you with a +0 dagger.
* * * LOW HITPOINT WARNING * * *
Robin roars a battlecry!
The goblin goes into a battle-frenzy!
The goblin hits you with a +0 dagger.
* * * LOW HITPOINT WARNING * * *
Robin throws the goblin at you!
As you read the scroll labelled ICUETIMM NANKEV, it crumbles to dust.
It is a scroll of identify.
You don't have any unidentified items.
The goblin hits you but does no damage. x2
You barely miss the goblin.
The goblin is heavily wounded.
You hit the goblin.
You kill the goblin!
Lugonu accepts your kill. The goblin hits you with a +0 dagger.
* * * LOW HITPOINT WARNING * * *
You hit the goblin.
The goblin is severely wounded.
The goblin hits you with a +0 dagger.
You die...

....gg#####################
....gg.gg.†...............#
..o#..#####.#############.#
#. #)#...........#.#
#..#####.#.#########.#.##
.......g#.# ###.....
#......gg)# #....###
#######g### #.##..## #@#
#.###... ......).# #.......
######### #.#.#### #...#
###)# #.# #.# ####.# #.##.#


You could see Robin and 3 goblins.

Vanquished Creatures
  A gnoll (D:2)
  2 dart slugs (D:1)
  An orc (D:2)
  2 ball pythons (D:1)
  5 bats
  7 endoplasms
  2 giant cockroaches
  8 goblins
  10 hobgoblins
  A quokka (D:1)
  6 frilled lizards
  3 kobolds (D:1)
  4 rats
52 creatures vanquished.

Notes
Turn   | Place    | Note
-------+----------+-------------------------------------------
     0 | Abyss:1  | tkbsonic5 the Human Abyssal Knight began the quest for the
                  | Orb.
     0 | Abyss:1  | Reached XP level 1. HP: 18/18 MP: 2/2
    12 | D:1      | Escaped the Abyss
   261 | D:1      | Reached XP level 2. HP: 23/24 MP: 3/3
   573 | D:1      | Reached ** piety under Lugonu
   577 | D:1      | Reached XP level 3. HP: 21/29 MP: 4/4
  1619 | D:2      | Reached XP level 4. HP: 29/36 MP: 6/6
  1751 | D:2      | Noticed Robin
  1779 | D:2      | Reached skill level 1 in Axes
  1799 | D:2      | Slain by a goblin

Illustrated notes

Levels and vault maps discovered:
D:1:      lemuel_arrival_behind_the_door_large, layout_rooms
D:2:      layout_loops_ring, shapermc_ecumenical_altar_mp_vishouse,
          minmay_pentomino_p2, uniq_robin

Skill      XL: |  1  2  3  4 |
---------------+-------------+-----
Axes           | 1 |  1.1
Fighting       | |  3.7
Maces & Flails | |  2.1
Armour         | |  2.3
Dodging        | |  1.7
Invocations    | |  2.9

Action                   |  1- 3 |  4- 6 || total
-------------------------+-------+-------++-------
Melee: Mace              |    53 |       ||    53
       War axe           |    61 |    41 ||   102
Throw: Stone             |    12 |       ||    12
  Use: Potion            |     1 |       ||     1
       Scroll            |       |     1 ||     1
Armor: Scale mail        |    64 |    31 ||    95
       Leather armour    |     3 |       ||     3
Dodge: Dodged            |    68 |    23 ||    91
